 Dungeon Crawl Stone Soup version 0.28.0-53-g5a82cb258f (webtiles) character file.

Game seed: 11666143842396255248

31 Gabide the Grasshopper (level 3, -15/27 HPs)
             Began as a Human Warper on June 12, 2022.
             Blown up by Ijyb (18 damage)
             ... with a mindburst bolt
             ... on level 2 of the Dungeon.
             The game lasted 00:03:44 (1689 turns).

Gabide the Grasshopper (Human Warper)               Turns: 1689, Time: 00:03:44

Health: -15/27     AC:  6    Str: 10 (11) XL:     3   Next: 40%
Magic:  6/6        EV: 11    Int: 12 (15) God:
Gold:   48         SH:  0    Dex:  9 (12) Spells: 4/6 levels left

rFire   + + .      SeeInvis .   a - +0 short sword (flame)
rCold   + . .      Faith    .   (no shield)
rNeg    . . .      Spirit   .   o - +3 leather armour {rF+}
rPois   +          Reflect  .   (no helmet)
rElec   +          Harm     .   (no cloak)
rCorr   +          Rampage  .   (no gloves)
Will    .....                   (no boots)
Stlth   +.........              (no amulet)
HPRegen 0.09/turn               (no ring)
MPRegen 0.10/turn               (no ring)

@: resistant, hasted, very quick
A: no striking features
a: no special abilities


You were on level 2 of the Dungeon.
You visited 1 branch of the dungeon, and saw 3 of its levels.

You collected 48 gold pieces.

Inventory:

Hand Weapons
 a - a +0 short sword of flaming (weapon)
Missiles
 d - 5 boomerangs of dispersal
 h - 14 sling bullets
 k - 36 stones (quivered)
Armour
 o - a +3 leather armour of fire resistance (worn)
Scrolls
 c - a scroll of blinking
 e - a scroll of noise {unknown}
 f - a scroll of fear {unknown}
 n - 2 scrolls of brand weapon


   Skills:
 - Level 2.0 Fighting
 - Level 2.0 Short Blades
 * Level 2.0 Throwing
 - Level 1.0 Armour
 - Level 2.0 Dodging
 + Level 2.3 Spellcasting
 * Level 3.5 Translocations


You had 4 spell levels left.
You knew the following spells:

 Your Spells              Type           Power      Damage    Failure   Level
a - Blink                 Tloc           18%        N/A       13%         2

Your spell library contained the following spells:

 Spells                   Type           Power      Damage    Failure   Level
 Gell's Gravitas          Tloc           9%         N/A       26%         3
 Lesser Beckoning         Tloc           9%         N/A       26%         3
 Teleport Other           Tloc           9%         N/A       26%         3
 Ensorcelled Hibernation  Hex/Ice        2%         N/A       50%         2
 Spider Form              Tmut/Pois      1%         N/A       73%         3
 Anguish                  Hex/Necr       0%         N/A       98%         4
 Manifold Assault         Tloc           9%         N/A       93%         5


Dungeon Overview and Level Annotations

Branches:
Dungeon (3/15)

Altars:

Shops:
D:2 (

Annotations:
D:2 Ijyb


Message History

You hit Ijyb but do no damage.
Ijyb zaps a wand.
Your mind is blasted!
* * * LOW HITPOINT WARNING * * *
There is a stone staircase leading up here.
You climb upwards.
There is a stone staircase leading down here.
It was a potion of haste.
You feel yourself speed up. Ijyb hits you but does no damage.
It was a potion of curing.
You feel better. Ijyb hits you with a +0 dagger.
You hit Ijyb. You burn Ijyb.
Ijyb is moderately wounded.
Ijyb hits you with a +0 dagger.
You barely miss Ijyb. Your punch misses Ijyb.
Ijyb is moderately wounded.
You barely miss Ijyb.
Ijyb is moderately wounded.
Ijyb zaps a wand.
Your mind is blasted!
* * * LOW HITPOINT WARNING * * *
You hit Ijyb. You burn Ijyb.
Ijyb is heavily wounded.
Ijyb barely misses you.
It was a potion of degeneration.
There was something very wrong with that liquid.
You feel weakened.
You feel dopey.
You feel clumsy.
It was a potion of resistance.
You feel protected. Ijyb hits you but does no damage.
You hit Ijyb. You burn Ijyb.
Ijyb is severely wounded.
Ijyb hits you with a +0 dagger.
* * * LOW HITPOINT WARNING * * *
You completely miss Ijyb.
Ijyb is severely wounded.
You barely miss Ijyb.
Ijyb is severely wounded.
Ijyb misses you.
You hit Ijyb. You burn Ijyb.
Ijyb is almost dead.
Ijyb zaps a wand.
Your mind is blasted!
Ouch! That really hurt!
You die...

...........#.....##≈≈............
#..........#......##≈≈......†...≈
#..........#......###≈≈........≈≈
#..........#......# ##≈≈......≈≈#
#..........#......# ###≈≈≈≈≈≈≈≈##
#..........#......###.##########.
...........#.....................
...........#.....g...............
###.########....@.##.............
#.........#####.##.............
#########.#####.........[......
#.......##.............
#######.##.............
#................
#################


You could see Ijyb.

Vanquished Creatures
  An adder (D:2)
  2 bats (D:1)
  A giant cockroach (D:2)
  2 goblins
  A hobgoblin (D:2)
  2 jackals (D:1)
  4 kobolds
  2 quokkas (D:1)
  3 ball pythons (D:1)
  2 frilled lizards (D:2)
  3 rats
23 creatures vanquished.

Vanquished Creatures (others)
  2 fungi (D:1)
  A plant (D:1)
3 creatures vanquished.

Grand Total: 26 creatures vanquished

Notes
Turn   | Place    | Note
-------+----------+-------------------------------------------
     0 | D:1      | Gabide the Human Warper began the quest for the Orb.
     0 | D:1      | Reached XP level 1. HP: 16/16 MP: 3/3
   290 | D:1      | Reached XP level 2. HP: 15/22 MP: 5/5
   299 | D:1      | Learned a level 2 spell: Blink
   438 | D:1      | Found a faded altar of an unknown god.
   801 | D:2      | Found Iwyxygurph's Weapon Shoppe.
  1056 | D:2      | Reached XP level 3. HP: 26/27 MP: 6/6
  1672 | D:3      | Noticed Ijyb
  1689 | D:2      | Blown up by Ijyb

Illustrated notes

Levels and vault maps discovered:
D:1:      ebering_trefoil_3fold, layout_rooms,
          shapermc_ecumenical_altar_mp_urbaneastern
D:2:      layout_basic, serial_shops, shop, kennysheep_big_empty_room,
          serial_park_tiny_2, kennysheep_nondescript
D:3:      gammafunk_steamed_eel, layout_basic, guppyfry_early_lair_pool,
          uniq_robin, uniq_ijyb, uniq_sigmund

Skill      XL: |  1  2  3 |
---------------+----------+-----
Throwing       | 2 |  2.0
Fighting       | |  2.0
Short Blades   | |  2.0
Armour         | |  1.0
Dodging        | |  2.0
Spellcasting   | |  2.3
Translocations | |  3.5

Action                   || total
-------------------------++-------
Melee: Short sword       ||   110
       Punch             ||     1
  Use: Potion            ||     4
       Scroll            ||     1
 Stab: Sleeping          ||     1
Armor: Leather armour    ||    17
       Ring mail         ||    19
Dodge: Dodged            ||    62
